 Dungeon Crawl Stone Soup version 0.30-a0-1094-g860fb061e7 (webtiles) character file.

Game seed: 15620636852813376015

801 retardedninja the Firebug (level 7, -6/45 HPs)
             Began as a Gnoll Fire Elementalist on Apr 17, 2023.
             Mangled by an ogre
             ... wielding a +0 giant spiked club
              (19 damage)
             ... on level 4 of the Dungeon.
             The game lasted 00:09:31 (6058 turns).

retardedninja the Firebug (Gnoll Fire Elementalist) Turns: 6058, Time: 00:09:31

Health: -6/45      AC:  3    Str:  7    XL:     7   Next: 90%
Magic:  9/15       EV: 14    Int: 16    God:
Gold:   211        SH:  5    Dex: 13    Spells: 14/17 levels left

rFire   . . .      SeeInvis .    d - +0 flail
rCold   . . .      Faith    .    (no shield)
rNeg    . . .      Spirit   .    a - +0 robe
rPois   .          Reflect  +    (no helmet)
rElec   +          Rampage  .    (no cloak)
rCorr   +                        (no gloves)
Will    .....                    p - +0 pair of boots
Stlth   +++                      k - amulet of reflection
HPRegen 0.27/turn                g - ring of resist corrosion
MPRegen 0.14/turn                (no ring)

@: lethally poisoned (-6 -> -11)
A: fangs 1, strong nose, distributed training, frail 1, electricity resistance,
MP-powered wands
a: no special abilities


You were on level 4 of the Dungeon.
You visited 1 branch of the dungeon, and saw 4 of its levels.

You collected 211 gold pieces.

Inventory:

Hand Weapons
 d - a +0 flail (weapon)
Armour
 a - a +0 robe (worn)
 p - a +0 pair of boots (worn)
Jewellery
 g - a ring of resist corrosion (left hand)
 k - an amulet of reflection (around neck)
Scrolls
 b - a scroll of noise {unknown}
 c - a scroll of amnesia {unknown}
 e - a scroll of identify
 i - a scroll of immolation {unknown}
 m - a scroll of fear {unknown}
 o - a scroll of butterflies {unknown}
Potions
 f - a potion of cancellation
 j - 3 potions of brilliance {unknown}
 l - a potion of curing
 n - a potion of magic


   Skills:
 + Level 2.9 Fighting
 + Level 2.9 Short Blades
 + Level 2.9 Long Blades
 + Level 2.9 Axes
 + Level 2.9 Maces & Flails
 + Level 2.9 Polearms
 + Level 2.9 Staves
 + Level 2.9 Ranged Weapons
 + Level 2.9 Throwing
 + Level 2.9 Armour
 + Level 5.4 Dodging
 + Level 5.1 Stealth
 + Level 2.9 Shields
 + Level 2.9 Unarmed Combat
 + Level 5.8 Spellcasting
 + Level 3.2 Conjurations
 + Level 2.3 Hexes
 + Level 2.3 Summonings
 + Level 2.3 Necromancy
 + Level 2.3 Translocations
 + Level 2.3 Transmutations
 + Level 6.0 Fire Magic
 + Level 2.3 Ice Magic
 + Level 2.3 Air Magic
 + Level 2.3 Earth Magic
 + Level 2.3 Poison Magic
 + Level 3.2 Invocations
 + Level 2.9 Evocations


You had 14 spell levels left.
You knew the following spells:

 Your Spells              Type           Power      Damage    Failure   Level
a - Foxfire               Conj/Fire      76%        2x1d7     1%          1
b - Scorch                Fire           46%        2d6       1%          2

Your spell library contained the following spells:

 Spells                   Type           Power      Damage    Failure   Level
 Inner Flame              Hex/Fire       18%        N/A       8%          3
 Volatile Blastmotes      Fire/Tloc      36%        2d13      8%          3
 Vhi's Electric Charge    Tloc/Air       24%        N/A       16%         3
 Flame Wave               Conj/Fire      19%        2d7       21%         4
 Arcjolt                  Conj/Air       6%         1d16      77%         5
 Plasma Beam              Fire/Air       9%         2x1d21    98%         6


Dungeon Overview and Level Annotations

Branches:
Dungeon (4/15)
 Temple: D:4-7

Altars:
Kikubaaqudgha


Innate Abilities, Weirdness & Mutations

You have very sharp teeth.
Your uncanny sense of smell can sniff out nearby items.
Your experience applies equally to all skills.
You are frail. (-10% HP)
You are resistant to electric shocks. (rElec)
You expend magic power (3 MP) to strengthen your wands.


Message History

You feel very sick.
The foxfire hits the scorpion.
The scorpion is moderately wounded.
The foxfire hits the scorpion but does no damage.
The scorpion is moderately wounded.
The scorpion barely misses you. The scorpion attacks as you move away!
You block the scorpion's attack.
You feel sick. The scorpion misses you.
You feel better. The scorpion closely misses you.
Blink to where?
Press: ? - help, Q - select action, (/) - cycle Dir - move target
As you read the scroll of blinking, it crumbles to dust.
Your magical contamination has completely faded away.
Casting: Foxfire (safe; 1% risk of failure)
Press: ? - help, Q - select action, (/) - cycle Dir - look around, f - activate You conjure some foxfire!
The foxfire hits the scorpion.
The scorpion is heavily wounded.
The foxfire hits the scorpion.
The scorpion is heavily wounded.
Unknown command.
The scorpion barely misses you.
Unknown command.
The ogre misses you. The scorpion stings you.
You are poisoned.
The scorpion poisons you!
Unknown command.
You feel very sick. The scorpion barely misses you. The ogre barely misses you.
The orc closely misses you.
Casting: Foxfire (safe; 1% risk of failure)
Press: ? - help, Q - select action, (/) - cycle Dir - look around, f - activate You conjure some foxfire!
You feel sick. The scorpion stings you. The orc hits you with a +0 dagger.
* * * LOW HITPOINT WARNING * * *
You block the kobold's attack.
Your foxfire dissipates!
The ogre attacks as you move away!
The ogre hits you with a +0 giant spiked club!!
You die...

########...### #.......
#.### ##### #....... #.#
####...## ##...... #.#
###.......## #......
#.####..........## #......
..##.............# ##.....
.................## ##....
.##.......v.......####....
#....K@........#....... ∆
#....Oso...........###.
##..............#### ##
##.............# #
##............# #
#............#
....................#
.......###.........##
......# ##......###


You could see an ogre, a scorpion, an orc (ally target) and a kobold.

Vanquished Creatures
  Sigmund (D:3)
  A gnoll sergeant (D:3)
  4 howler monkeys (D:3)
  A hound (D:3)
  A gnoll bouda (D:3)
  An iguana (D:4)
  13 gnolls (D:3)
  6 adders
  A white imp (D:3)
  An ufetubus (D:4)
  2 worms
  A dart slug (D:4)
  21 orcs
  9 ball pythons
  9 endoplasms
  2 giant cockroaches
  8 goblins
  3 hobgoblins
  13 jackals (D:3)
  2 quokkas
  8 bats
  5 frilled lizards
  5 kobolds
  3 rats
121 creatures vanquished.

Vanquished Creatures (others)
  552 foxfires
  A plant (D:3)
553 creatures vanquished.

Grand Total: 674 creatures vanquished

Notes
Turn   | Place    | Note
-------+----------+-------------------------------------------
     0 | D:1      | retardedninja the Gnoll Fire Elementalist began the quest
                  | for the Orb.
     0 | D:1      | Reached XP level 1. HP: 13/13 MP: 6/6
   347 | D:1      | Reached XP level 2. HP: 19/19 MP: 5/7
  1048 | D:2      | Reached skill level 5 in Spellcasting
  1048 | D:2      | Reached XP level 3. HP: 25/25 MP: 2/9
  1109 | D:2      | Reached skill level 1 in Invocations
  1153 | D:2      | Reached skill level 1 in Fighting
  1153 | D:2      | Reached skill level 1 in Short Blades
  1153 | D:2      | Reached skill level 1 in Long Blades
  1153 | D:2      | Reached skill level 1 in Axes
  1153 | D:2      | Reached skill level 1 in Maces & Flails
  1153 | D:2      | Reached skill level 1 in Polearms
  1153 | D:2      | Reached skill level 1 in Staves
  1153 | D:2      | Reached skill level 1 in Ranged Weapons
  1153 | D:2      | Reached skill level 1 in Throwing
  1153 | D:2      | Reached skill level 1 in Armour
  1153 | D:2      | Reached skill level 1 in Shields
  1153 | D:2      | Reached skill level 1 in Unarmed Combat
  1153 | D:2      | Reached skill level 1 in Evocations
  1716 | D:2      | Reached XP level 4. HP: 32/32 MP: 7/11
  2387 | D:3      | Learned a level 2 spell: Scorch
  2426 | D:3      | Reached skill level 1 in Hexes
  2426 | D:3      | Reached skill level 1 in Summonings
  2426 | D:3      | Reached skill level 1 in Necromancy
  2426 | D:3      | Reached skill level 1 in Translocations
  2426 | D:3      | Reached skill level 1 in Transmutations
  2426 | D:3      | Reached skill level 1 in Ice Magic
  2426 | D:3      | Reached skill level 1 in Air Magic
  2426 | D:3      | Reached skill level 1 in Earth Magic
  2426 | D:3      | Reached skill level 1 in Poison Magic
  2820 | D:3      | Found an ancient bone altar of Kikubaaqudgha.
  2830 | D:3      | Reached XP level 5. HP: 37/37 MP: 10/12
  2939 | D:3      | Gained mutation: You expend magic power (3 MP) to
                  | strengthen your wands. [potion of mutation]
  2939 | D:3      | Gained mutation: You are resistant to electric shocks.
                  | (rElec) [potion of mutation]
  2939 | D:3      | Gained mutation: You are frail. (-10% HP) [potion of
                  | mutation]
  3395 | D:3      | Reached XP level 6. HP: 39/39 MP: 9/13
  4052 | D:3      | Reached skill level 5 in Dodging
  4373 | D:3      | Reached XP level 7. HP: 45/45 MP: 7/15
  4643 | D:3      | Found a faded altar of an unknown god.
  4643 | D:3      | Noticed Sigmund
  4656 | D:3      | Killed Sigmund
  4657 | D:3      | Reached skill level 5 in Stealth
  5553 | D:4      | Reached skill level 6 in Fire Magic
  6058 | D:4      | Mangled by an ogre

Illustrated notes

Levels and vault maps discovered:
D:1:      dpeg_arrival_stone_temple_mockup, layout_basic,
          minmay_tree_intersection
D:2:      layout_basic, minmay_misc_feat_iff
D:3:      lemuel_castle_with_subvaults [lemuel_castle_interior_carwin_2],
          layout_rooms, mainiacjoe_overflow_small_starburst,
          shapermc_ecumenical_altar_pompeii, chequers_serial_rivers_large_b,
          uniq_sigmund
D:4:      layout_cave_pods, nzn_wu_jian_council_hall, serial_shops,
          nicolae_shop_rolling_square

Skill      XL: |  1  2  3  4  5  6  7 |
---------------+----------------------+-----
Conjurations   | 2 3 |  3.2
Spellcasting   | 5 |  5.8
Invocations    | 1 2 3 |  3.2
Fighting       | 1 2 |  2.9
Short Blades   | 1 2 |  2.9
Long Blades    | 1 2 |  2.9
Axes           | 1 2 |  2.9
Maces & Flails | 1 2 |  2.9
Polearms       | 1 2 |  2.9
Staves         | 1 2 |  2.9
Ranged Weapons | 1 2 |  2.9
Throwing       | 1 2 |  2.9
Armour         | 1 2 |  2.9
Shields        | 1 2 |  2.9
Unarmed Combat | 1 2 |  2.9
Evocations     | 1 2 |  2.9
Hexes          | 1 2 |  2.3
Summonings     | 1 2 |  2.3
Necromancy     | 1 2 |  2.3
Translocations | 1 2 |  2.3
Transmutations | 1 2 |  2.3
Ice Magic      | 1 2 |  2.3
Air Magic      | 1 2 |  2.3
Earth Magic    | 1 2 |  2.3
Poison Magic   | 1 2 |  2.3
Dodging        | 5 |  5.4
Stealth        | 5 |  5.1
Fire Magic     | 6 |  6.0

Action                     |  1- 3 |  4- 6 |  7- 9 || total
---------------------------+-------+-------+-------++-------
  Melee: Unarmed           |     1 |     9 |       ||    10
         Bite              |       |     3 |     3 ||     6
         Flail             |       |     3 |    14 ||    17
   Cast: Foxfire           |    97 |   116 |   116 ||   329
         Scorch            |       |    19 |     3 ||    22
    Use: Potion            |       |     6 |     1 ||     7
         Scroll            |       |     1 |     4 ||     5
 Armour: Robe              |     2 |    11 |     6 ||    19
  Dodge: Dodged            |     9 |    70 |    50 ||   129
  Block: Other             |     5 |    25 |    19 ||    49
         Reflection        |       |       |     1 ||     1

Table legend: (Time is in decaauts)
 A = Elapsed time spent in this place.
 B = Non-inter-level travel time spent in this place.
 C = Inter-level travel time spent in this place.
 D = Time resting spent in this place.
 E = Time spent auto-exploring this place.
 F = Levels seen in this place.
 G = Mean time per level.
                   A        B        C        D        E       F      G
               +--------+--------+--------+--------+--------+-----+--------+
         Total |   6078 |   5926 |    152 |   1454 |   3392 |   4 | 1519.5 |
       Dungeon |   6078 |   5926 |    152 |   1454 |   3392 |   4 | 1519.5 |
               +--------+--------+--------+--------+--------+-----+--------+

Top non-repeatable levels by time:
     D:3: 2650 daAuts
     D:2: 2026 daAuts
     D:1: 873 daAuts
     D:4: 528 daAuts
